 Dungeon Crawl Stone Soup version 0.30-a0-632-g346586fe48 (webtiles) character file.

Game seed: 15789964183636871924

30776 KennySheep the Frost Mage (level 12, -2/97 HPs)
             Began as a Demigod Hedge Wizard on Jan 12, 2023.
             Slain by a wolf (8 damage)
             ... on level 5 of the Lair of Beasts on Jan 13, 2023.
             The game lasted 02:21:27 (21558 turns).

KennySheep the Frost Mage (Demigod Hedge Wizard)   Turns: 21558, Time: 02:21:28

Health: -2/97      AC:  4    Str: 11    XL:     12   Next: 93%
Magic:  19/25      EV: 12    Int: 37    God:
Gold:   565        SH:  0    Dex: 17    Spells: 1/23 levels left

rFire   . . .      SeeInvis .    a - staff of cold
rCold   + . .      Faith    .    (no shield)
rNeg    . . .      Spirit   .    w - +0 acid dragon scales
rPois   .          Reflect  .    c - +1 hat
rElec   .          Harm     .    P - +0 cloak "Cyon" {Int+3}
rCorr   +          Rampage  .    (no gloves)
Will    +....                    (no boots)
Stlth   +                        (no amulet)
HPRegen 0.36/turn                i - +6 ring of intelligence
MPRegen 0.19/turn                m - +4 ring of protection

@: confused, brilliant, ambrosia-drunk, corroded, hasted, very quick
A: high MP 1, forlorn, divine attributes
a: no special abilities


You were on level 5 of the Lair of Beasts.
You visited 2 branches of the dungeon, and saw 15 of its levels.
You also visited: Sewer.

You collected 970 gold pieces.
You spent 405 gold pieces at shops.

Inventory:

Hand Weapons
 b - the +10 quarterstaff of Avin {antimagic, rElec rCorr Str+2}
   (You found it on level 8 of the Dungeon)

   Str:       It affects your strength (+2).
   rElec:     It insulates you from electricity.
   rCorr:     It protects you from acid and corrosion.
 v - a +0 sling
 G - a +0 arbalest
 I - the +10 trident of Jisso {chaos, Int+3}
   (You found it on level 4 of the Dungeon)

   Int:       It affects your intelligence (+3).
 J - a +0 lajatang
Missiles
 k - 7 datura-tipped darts
Armour
 c - a +1 hat (worn)
 g - a +0 robe
 s - a +0 cloak
 w - +0 acid dragon scales (worn)
 P - the +0 cloak "Cyon" (worn) {Int+3}
   (You acquired it on level 1 of the Lair of Beasts)

   Int:       It affects your intelligence (+3).
Magical Staves
 a - a staff of cold (weapon)
Jewellery
 e - a ring of wizardry
 i - a +6 ring of intelligence (left hand)
 j - a ring of poison resistance
 m - a +4 ring of protection (right hand)
 q - a ring of resist corrosion
 x - a ring of flight
 z - a ring of protection from cold
 E - an amulet of magic regeneration
Wands
 h - a wand of light (5)
 n - a wand of digging (14)
 C - a wand of flame (32)
 M - a wand of roots (30)
 N - a wand of paralysis (12)
 R - a wand of mindburst (10)
Scrolls
 l - a scroll of enchant weapon
 y - a scroll of immolation
 A - a scroll of magic mapping
 B - a scroll of silence
 D - 2 scrolls of poison
 F - 5 scrolls of teleportation
 S - a scroll of torment
 U - a scroll of enchant armour
 V - a scroll of noise
Potions
 d - 4 potions of magic
 f - 2 potions of flight
 o - a potion of haste
 p - 3 potions of mutation
 r - 3 potions of brilliance
 t - 7 potions of attraction
 u - a potion of degeneration
 H - a potion of might
 O - 2 potions of lignification


   Skills:
 - Level 6.4 Fighting
 - Level 10.5 Staves
 - Level 2.2 Ranged Weapons
 - Level 2.7 Armour
 - Level 2.2 Dodging
 - Level 1.7 Stealth
 - Level 6.4 Spellcasting
 - Level 0.8 Conjurations
 - Level 5.1 Summonings
 - Level 1.6 Translocations
 * Level 12.3 Ice Magic
 - Level 7.0 Evocations


You had one spell level left.
You knew the following spells:

 Your Spells              Type           Power      Damage    Failure   Level
a - Magic Dart            Conj           100%       1d8       3%          1
b - Blink                 Tloc           72%        N/A       3%          2
c - Call Imp              Summ           66%        N/A       1%          2
d - Ozocubu's Armour      Ice            100%       N/A       1%          3
e - Frozen Ramparts       Ice            100%       1d16      1%          3
f - Summon Ice Beast      Ice/Summ       100%       N/A       1%          4
g - Ozocubu's Refrigerat  Ice            62%        4d21      26%         7

Your spell library contained the following spells:

 Spells                   Type           Power      Damage    Failure   Level
 Shock                    Conj/Air       88%        1d8       4%          1
 Slow                     Hex            68%        N/A       4%          1
 Ice Form                 Ice/Tmut       92%        N/A       3%          4
 Cigotuvi's Dreadful Rot  Necr/Pois/Air  34%        N/A       7%          2
 Mephitic Cloud           Conj/Pois/Air  21%        N/A       13%         3
 Inner Flame              Hex/Fire       17%        N/A       14%         3
 Swiftness                Air            17%        N/A       14%         3
 Flame Wave               Conj/Fire      22%        2d8       36%         4
 Sticky Flame             Conj/Fire      22%        2d4       36%         4
 Airstrike                Air            8%         2d(2-18)  43%         4


Dungeon Overview and Level Annotations

Branches:
Dungeon (10/15)            Temple (0/1) D:4            Lair (5/5) D:10
 Shoals (0/4) Lair:2       Spider (0/4) Lair:3        Slime (0/5) Lair:4
    Orc (0/2) D:10          Sewer (visited)

Shops:
D:7 (   D:8 *

Portals:
Abyss: D:3

Annotations:
D:3 2 transporters, Dordric's ghost, amateur DjWr


Innate Abilities, Weirdness & Mutations

You have an increased reservoir of magic. (+10% MP)
You shall have no god before yourself.
Your divine heritage dramatically boosts your attributes as you level up.


Message History

Your ice beast hits the cane toad but does no damage.
The hell rat bites your ice beast. The hell rat drains your ice beast.
You feel better.
The cane toad is no longer moving slowly.
The bullfrog is no longer moving slowly.
The water moccasin bites you.
* * * LOW HITPOINT WARNING * * *
The water moccasin bites you but does no damage.
Your ice beast misses the hell rat.
The hell rat bites your ice beast! The hell rat drains your ice beast.
Your ice beast dies!
Your ice beast disappears in a puff of smoke!
The hell rat roars deafeningly!
You hear a croak.
You hear a trumpeting! x2
The water moccasin bites you!
* * * LOW HITPOINT WARNING * * *
You are confused.
You feel invigorated. The water moccasin closely misses you.
The water moccasin barely misses you. The bullfrog hits you.
* * * LOW HITPOINT WARNING * * *
Your surroundings suddenly seem different.
A dream sheep, a black mamba and 6 wolves come into view.
Found a runed filigree amulet and a potion of curing.
Found a stone staircase leading up.
The dream sheep bleats!
The black mamba hisses angrily.
The wolf howls! x5
You hear a bleat! x2; You hear a loud, deep croak!
You hear a croak.
A dream sheep comes into view.
A basilisk comes into view.
A dream sheep comes into view.
The wolf completely misses you.
You are too confused!
Unknown command.
Okay, then.
Okay, then.
You are too confused!
Unknown command.
You're too confused to move!
The ice encasing you melts away.
The dream sheep bleats!
The wolf completely misses you. The wolf bites you!
You die...

*,,,,,,,,,,,,,**,*,*~*,,
#..!l..........,*,*,*~,,
#.............#***,*,~,,
#.......<......,,,,*,,~~
#............P.,,,,*,,,~
#...........PP#*,,*****~
#............#*****~****
#.....hhh...#* ****,~~~*
#.....h@hh..#***,,*,~~~~
#..............,,,,,~~~~
#..............,,,,,~~~~
#..#.#..###P...,,,,,~~~~
#.,#.#...,**...,,,,~,~~~
#,,.,"...,,,,..,,,,~~~~~
*,.,,....,,,,,.,,,,,~~~~
*YY,Y.##..,,,,,,,,,,~~~~
*,,,,,,,,*,,,,,,,,,~~,~~


You could see a basilisk, 6 wolves and 3 dream sheep.

Vanquished Creatures
  Josephine (D:10)
  A hydra (Lair:2)
  A boulder beetle (D:10)
  2 death yaks (Lair:1)
  A pharaoh ant (Lair:3)
  2 harpies (Lair:2)
  3 black mambas
  3 elephants (Lair:4)
  A torpor snail (Lair:1)
  8 cane toads
  6 komodo dragons
  Maggie (D:10)
  A hornet (D:10)
  A troll (D:10)
  3 polar bears
  12 blink frogs
  7 dream sheep (Lair:3)
  A jumping spider (Lair:3)
  A basilisk (D:10)
  22 yaks
  8 wyverns
  4 wraiths
  A steam dragon (D:8)
  A vampire mosquito (Lair:5)
  An acid dragon (D:5)
  18 water moccasins
  An ice beast (D:6)
  3 orc warriors
  3 black bears
  A sky beast (D:7)
  6 ogres
  2 centaurs (D:6)
  10 wolves
  A phantom (D:6)
  6 kobold brigands
  14 bullfrogs
  A necrophage (D:6)
  4 scorpions
  A gnoll sergeant (D:8)
  A wight (D:9)
  8 killer bees
  An electric eel (D:9)
  A howler monkey (D:10)
  4 hounds
  2 gnoll boudas
  4 jellies
  2 orc priests
  Crazy Yiuf (D:4)
  Jessica (D:3)
  5 hell rats (Lair:5)
  8 orc wizards
  4 iguanas
  17 gnolls
  6 adders
  6 river rats (Sewer)
  2 white imps
  2 ufetubi
  A worm (D:2)
  4 dart slugs
  14 orcs
  17 endoplasms
  A giant cockroach (D:2)
  6 goblins
  6 hobgoblins
  4 quokkas
  8 ball pythons
  4 bats (D:1)
  5 frilled lizards
  28 kobolds
  30 rats
367 creatures vanquished.

Vanquished Creatures (collateral kills)
  An elephant (Lair:4)
  A cane toad (Lair:3)
  A rime drake (Lair:3)
  A hornet (D:10)
  Prince Ribbit (D:5)
  A tarantella (Lair:3)
  3 wraiths (D:10)
  An acid dragon (D:10)
  A black bear (Lair:2)
  A wolf (Lair:1)
  A phantom (D:5)
  2 kobold brigands (Sewer)
  A necrophage (D:4)
  3 wights (D:9)
  A jelly (D:6)
  2 iguanas (D:5)
  Natasha (D:2)
  2 river rats
  An endoplasm (D:4)
  A giant cockroach (D:5)
  2 hobgoblins (D:1)
  A frilled lizard (Sewer)
  4 kobolds (Sewer)
  5 rats
39 creatures vanquished.

Vanquished Creatures (others)
  A wolf (Lair:4)
  An orc priest (D:6)
  An orc (D:6)
  A bush (D:10)
  10 fungi
  55 plants
  4 withered plants (D:2)
73 creatures vanquished.

Grand Total: 479 creatures vanquished

Notes
Turn   | Place    | Note
-------+----------+-------------------------------------------
     0 | D:1      | KennySheep the Demigod Hedge Wizard began the quest for the
                  | Orb.
     0 | D:1      | Reached XP level 1. HP: 14/14 MP: 6/6
    27 | D:1      | Reached skill level 1 in Summonings
    27 | D:1      | Reached skill level 1 in Translocations
   363 | D:1      | Reached XP level 2. HP: 19/20 MP: 1/8
   366 | D:1      | Learned a level 2 spell: Blink
   369 | D:1      | Learned a level 2 spell: Call Imp
   677 | D:1      | Reached skill level 1 in Ranged Weapons
   979 | D:2      | Reached XP level 3. HP: 26/26 MP: 9/9
  1780 | D:2      | Noticed Natasha
  1790 | D:2      | Killed Natasha
  1791 | D:2      | Reached XP level 4. HP: 34/34 MP: 7/10
  2049 | D:3      | Found a transporter.
  2050 | D:3      | Found a transporter.
  2052 | D:3      | Noticed Dordric's ghost (amateur DjWr)
  2065 | D:3      | Noticed an ancient zyme
  2540 | D:3      | Noticed Jessica
  2545 | D:3      | Killed Jessica
  2546 | D:3      | Reached skill level 1 in Ice Magic
  2726 | D:3      | Found a one-way gate to the infinite horrors of the Abyss.
  3020 | D:4      | Noticed a kobold brigand
  3097 | D:4      | Reached skill level 1 in Fighting
  3097 | D:4      | Reached skill level 1 in Evocations
  3416 | D:4      | Reached XP level 5. HP: 40/40 MP: 5/11
  3465 | D:4      | Found a staircase to the Ecumenical Temple.
  3567 | D:4      | Reached skill level 1 in Staves
  4080 | D:4      | Reached skill level 2 in Ice Magic
  4296 | D:4      | Found a runed translucent door.
  4297 | D:4      | Noticed Crazy Yiuf
  4408 | D:4      | Reached XP level 6. HP: 26/47 MP: 3/13
  4496 | D:4      | Identified the +10 trident of Jisso {chaos, Int+3}
  4670 | D:4      | Learned a level 3 spell: Ozocubu's Armour
  4763 | D:4      | Killed Crazy Yiuf
  4865 | D:5      | Entered Level 5 of the Dungeon
  4885 | D:5      | Noticed an acid dragon
  4950 | D:5      | Noticed Prince Ribbit
  4986 | D:5      | Killed Prince Ribbit
  4987 | D:5      | Reached skill level 3 in Ice Magic
  5027 | D:5      | Found a glowing drain.
  5068 | Sewer    | Entered a sewer
  5239 | Sewer    | Reached XP level 7. HP: 48/56 MP: 14/14
  5761 | Sewer    | Reached skill level 4 in Ice Magic
  6760 | D:5      | Reached XP level 8. HP: 63/63 MP: 15/15
  6806 | D:5      | Reached skill level 5 in Ice Magic
  6996 | D:5      | Reached skill level 1 in Armour
  8455 | D:6      | Reached skill level 6 in Ice Magic
  8582 | D:6      | Reached XP level 9. HP: 53/71 MP: 9/16
  8588 | D:6      | Reached skill level 5 in Staves
 10241 | D:7      | Found Irifud's Antique Weapon Shoppe.
 10248 | D:7      | Bought a lajatang for 405 gold pieces
 11208 | D:8      | Identified the +10 quarterstaff of Avin {antimagic, rElec
                  | rCorr Str+2}
 11290 | D:8      | Found Zin's Purification Station.
 12992 | D:9      | Reached XP level 10. HP: 60/80 MP: 15/17
 13038 | D:10     | Entered Level 10 of the Dungeon
 13367 | D:10     | Reached skill level 7 in Ice Magic
 13497 | D:10     | Learned a level 3 spell: Frozen Ramparts
 13516 | D:10     | Reached skill level 5 in Evocations
 13801 | D:10     | Found a staircase to the Orcish Mines.
 13879 | D:10     | Reached skill level 8 in Ice Magic
 13892 | D:10     | Noticed Josephine
 13913 | D:10     | Killed Josephine
 14055 | D:10     | Learned a level 4 spell: Summon Ice Beast
 14086 | D:10     | Reached skill level 5 in Fighting
 14163 | D:10     | Noticed a boulder beetle
 14182 | D:10     | Killed a boulder beetle
 14187 | D:10     | Reached XP level 11. HP: 57/88 MP: 8/20
 14205 | D:10     | Noticed Maggie
 14213 | D:10     | Noticed a centaur warrior
 14216 | D:10     | Killed Maggie
 15530 | D:10     | Found a staircase to the Lair.
 15708 | Lair:1   | Entered Level 1 of the Lair of Beasts
 16122 | Lair:1   | Reached skill level 9 in Ice Magic
 16175 | Lair:1   | Noticed a death yak
 16175 | Lair:1   | Noticed a death yak
 16208 | Lair:1   | Killed a death yak
 16212 | Lair:1   | Killed a death yak
 16327 | Lair:1   | Identified a scroll of acquirement
 16333 | Lair:1   | Acquired the +0 cloak "Cyon" {Int+3}
 17051 | Lair:1   | Reached skill level 5 in Spellcasting
 17744 | Lair:2   | Identified the +9 dagger of the Endless Expanse {heavy,
                  | rC+}
 17762 | Lair:2   | Reached skill level 5 in Summonings
 17820 | Lair:2   | Found a staircase to the Shoals.
 17820 | Lair:2   | Noticed a harpy
 17820 | Lair:2   | Noticed a harpy
 17825 | Lair:2   | Killed a harpy
 17841 | Lair:2   | Killed a harpy
 17842 | Lair:2   | Reached XP level 12. HP: 85/97 MP: 16/23
 17893 | Lair:2   | Noticed a six-headed hydra
 17900 | Lair:2   | Killed a six-headed hydra
 17901 | Lair:2   | Reached skill level 10 in Ice Magic
 18332 | Lair:2   | Reached skill level 10 in Staves
 18435 | Lair:2   | Learned a level 7 spell: Ozocubu's Refrigeration
 19444 | Lair:3   | Reached skill level 11 in Ice Magic
 19546 | Lair:3   | Upgraded the game from 0.30-a0-629-gd54f4be4f7 to
                  | 0.30-a0-632-g346586fe48
 19629 | Lair:3   | Found a hole to the Spider Nest.
 20453 | Lair:4   | Identified the +2 pair of gloves "Byugg" {Regen+}
 21195 | Lair:4   | Reached skill level 12 in Ice Magic
 21302 | Lair:4   | Found a staircase to the Slime Pits.
 21524 | Lair:5   | Entered Level 5 of the Lair of Beasts
 21555 | Lair:5   | HP: 3/97 [water moccasin (7)]
 21556 | Lair:5   | HP: 1/97 [bullfrog (5)]
 21558 | Lair:5   | Slain by a wolf

Illustrated notes

Levels and vault maps discovered:
D:1:      ncdulo_wetmaze, layout_basic, kennysheep_flooded_box
D:2:      minmay_alternating_diamond, layout_loops_ring,
          ebering_ecumenical_altar_petrified, minmay_crystal_water, uniq_natasha
D:3:      layout_basic, grunt_temple_overflow_open,
          gammafunk_ghost_abyssal_escape, uniq_jessica
D:4:      layout_basic, minmay_temple_entry_nine_rooms, minmay_misc_feat_doors,
          st_stairs_5, grunt_ministairs_9, uniq_crazy_yiuf_cottage
D:5:      layout_loops_ring, nemelex_spade_bored_becter, portal_sewer_entry_a,
          uniq_prince_ribbit1
D:6:      minmay_bubble_buster, layout_basic
D:7:      layout_loops_ring, fedhas_altar_4, serial_shops, shop, chequers_avenue
D:8:      layout_loops_ring, kennysheep_mini, zin_purify, grunt_ministairs_7
D:9:      layout_loops_cross, mainiacjoe_overflow_surrounded_room, hive_lemuel
D:10:     layout_basic, minmay_lair_entry_grove, orc_0_dummy, minivault_25_ag,
          fountainhead, uniq_maggie, uniq_josephine
Lair:1:   layout_regular_city, serial_bayou_shore_b,
          infiniplex_staircase_pool_2, serial_bayou_shore_a, grunt_megastairs_1
Lair:2:   layout_loops_ring, nicolae_shoals_entry_roost
Lair:3:   layout_small_grid, nicolae_spider_entry_lesser_pyramids,
          grunt_megastairs_2, lemuel_fruit_tree
Lair:4:   layout_long_grid, nicolae_slime_entry_slimehenge,
          nicolae_volcano_entry_s_turn
Lair:5:   minmay_lair_end_frog_pond, layout_long_grid, basic_altar

Skill      XL: |  1  2  3  4  5  6  7  8  9 10 11 12 |
---------------+-------------------------------------+-----
Summonings     | 1 3 5 |  5.1
Translocations | 1 |  1.6
Ranged Weapons | 1 2 |  2.2
Dodging        | 2 |  2.2
Ice Magic      | 1 2 3 4 6 8 9 12 | 12.3
Fighting       | 1 2 3 4 5 6 |  6.4
Evocations     | 1 2 3 4 5 6 7 |  7.0
Staves         | 1 2 3 4 8 9 10 | 10.5
Armour         | 2 |  2.7
Spellcasting   | 3 5 6 |  6.4
Stealth        | |  1.7
Conjurations   | |  0.8

Action                   |  1- 3 |  4- 6 |  7- 9 | 10-12 || total
-------------------------+-------+-------+-------+-------++-------
Melee: Dagger            |    11 |       |       |       ||    11
       Punch             |     1 |     3 |    13 |    10 ||    27
       Staff             |       |    92 |   831 |   513 ||  1436
       Trident           |       |     5 |       |       ||     5
       Quarterstaff      |       |       |    26 |    56 ||    82
       Lajatang          |       |       |     1 |       ||     1
 Fire: Sling             |   125 |    17 |       |       ||   142
 Cast: Magic Dart        |    44 |    92 |    69 |       ||   205
       Call Imp          |     2 |    11 |    28 |     4 ||    45
       Blink             |     2 |       |       |       ||     2
       Ozocubu's Armour  |       |     4 |    30 |    37 ||    71
       Frozen Ramparts   |       |       |       |    49 ||    49
       Summon Ice Beast  |       |       |       |    21 ||    21
Evoke: Wand              |       |       |     5 |     1 ||     6
  Use: Scroll            |     3 |     4 |     6 |    14 ||    27
       Potion            |       |     3 |     4 |    13 ||    20
 Stab: Sleeping          |       |     1 |     3 |     4 ||     8
       Distracted        |       |       |       |     2 ||     2
       Invisible         |       |       |       |     2 ||     2
Armor: Robe              |    18 |    33 |    58 |       ||   109
       Acid dragon scale |       |       |   406 |   288 ||   694
Dodge: Dodged            |    47 |    78 |   572 |   358 ||  1055

Table legend: (Time is in decaauts)
 A = Elapsed time spent in this place.
 B = Non-inter-level travel time spent in this place.
 C = Inter-level travel time spent in this place.
 D = Time resting spent in this place.
 E = Time spent auto-exploring this place.
 F = Levels seen in this place.
 G = Mean time per level.
                   A        B        C        D        E       F      G
               +--------+--------+--------+--------+--------+-----+--------+
         Total |  21461 |  20519 |    942 |   4502 |  11681 |  16 | 1341.3 |
       Dungeon |  14472 |  13571 |    901 |   2580 |   7877 |  10 | 1447.2 |
          Lair |   5744 |   5703 |     41 |   1848 |   2979 |   5 | 1148.8 |
         Sewer |   1244 |   1244 |      0 |     74 |    824 |   1 | 1244.0 |
               +--------+--------+--------+--------+--------+-----+--------+

Top non-repeatable levels by time:
     D:6: 2136 daAuts
     D:4: 2017 daAuts
  Lair:1: 1843 daAuts
     D:7: 1812 daAuts
    D:10: 1521 daAuts
     D:9: 1488 daAuts
  Lair:3: 1381 daAuts
  Lair:4: 1354 daAuts
     D:5: 1284 daAuts
   Sewer: 1244 daAuts
     D:8: 1190 daAuts
  Lair:2: 1136 daAuts
     D:2: 1033 daAuts
     D:3: 1030 daAuts
     D:1: 957 daAuts
